 Dungeon Crawl Stone Soup version 0.25.0-26-g0c896c7088 (webtiles) character file.

Game seed: 525743263013163311

1598 xccam the Covert (level 8, 0/55 HPs)
             Began as an Octopode Assassin on July 4, 2020.
             Was a Follower of Uskayaw.
             Killed from afar by a white imp (11 damage)
             ... with a puff of frost
             ... summoned by Eustachio
             ... on level 6 of the Dungeon.
             The game lasted 00:09:21 (7349 turns).

xccam the Covert (Octopode Assassin)                Turns: 7349, Time: 00:09:22

Health: 0/55       AC:  1    Str: 10    XL:     8   Next: 93%
Magic:  8/8        EV: 16    Int: 14    God:    Uskayaw [*.....]
Gold:   497        SH:  0    Dex: 15    Spells: 7/7 levels left

rFire    . . .     SeeInvis .   a - +4 dagger
rCold    . . .     Gourm    .   (no shield)
rNeg     . . .     Faith    .   (helmet restricted)
rPois    .         Spirit   .   z - amulet of magic regeneration
rElec    .         Reflect  .   (no ring)
rCorr    .         Harm     .   (no ring)
MR       .....                  (no ring)
Stlth    +++++.....             (no ring)
HPRegen  0.18/turn              (no ring)
MPRegen  0.36/turn              (no ring)
                                (no ring)
                                (no ring)

@: no status effects
A: almost no armour, stealthy swim, amphibious, 8 rings, constrict 8, camouflage
1, gelatinous body 1
a: Stomp, Renounce Religion


You were on level 6 of the Dungeon.
You worshipped Uskayaw.
Uskayaw was noncommittal.
You were near starving.

You visited 2 branches of the dungeon, and saw 7 of its levels.

You collected 497 gold pieces.

Inventory:

Hand Weapons
 a - a +4 dagger (weapon)
 u - a +0 rapier
Missiles
 b - 9 poisoned darts (quivered)
 c - 2 curare-tipped darts
Jewellery
 z - an amulet of magic regeneration (around mantle)
Wands
 k - a wand of polymorph (6)
 v - a wand of disintegration (3)
 x - a wand of random effects (33)
Scrolls
 f - a scroll of teleportation {unknown}
 g - a scroll of immolation {unknown}
 h - 5 scrolls of identify {unknown}
 m - 2 scrolls of remove curse {unknown}
 n - 2 scrolls of enchant armour {unknown}
 p - a scroll of random uselessness {unknown}
 s - 3 scrolls of amnesia {unknown}
 w - a scroll of magic mapping {unknown}
 y - a scroll of vulnerability {unknown}
Potions
 e - a potion of brilliance {unknown}
 i - 3 potions of curing
 j - 2 potions of haste
 l - 7 potions of flight
 o - a potion of magic {unknown}
 q - a potion of lignification
 r - 2 potions of stabbing {unknown}
 t - a potion of mutation {unknown}
 A - 2 potions of resistance {unknown}
 B - a potion of might
Comestibles
 d - 12 rations


   Skills:
 - Level 5.0 Fighting
 + Level 7.7 Short Blades
 - Level 2.0 Throwing
 - Level 4.6 Dodging
 - Level 8.0 Stealth
 + Level 1.2 Invocations


You had 7 spell levels left.
You didn't know any spells.
Your spell library contained the following spells:

 Spells                   Type           Power        Failure   Level  Hunger
 Shock                    Conj/Air       #...         28%         1    ##.....
 Swiftness                Chrm/Air       #.......     41%         2    ###....
 Static Discharge         Conj/Air       #.......     65%         3    ####...
 Airstrike                Air            #.........   96%         4    #####..
 Lightning Bolt           Conj/Air       #.........   100%        5    ######.


Dungeon Overview and Level Annotations

Branches:
Dungeon (6/15)             Temple (1/1) D:6

Altars:
Ashenzari
Cheibriados
Dithmenos
Elyvilon
Fedhas
Gozag
Hepliaklqana
Kikubaaqudgha
Makhleb
Nemelex Xobeh
Okawaru
Qazlal
Ru
Sif Muna
Trog
Uskayaw
Vehumet
Wu Jian
Xom
Yredelemnul
Zin
The Shining One

Shops:
D:6 (

Annotations:
D:5 1 runed translucent door, p0werm0de's ghost, novice DDFi
D:6 Eustachio


Innate Abilities, Weirdness & Mutations

You cannot wear most types of armour.
You are very stealthy in the water. (Stealth+)
You are amphibious.
You can wear up to eight rings at the same time.
You can use your tentacles to constrict eight enemies at once.
Your skin changes colour to match your surroundings (Stealth+).
Your rubbery body absorbs attacks. (AC +1, EV +1)


Message History

Aiming: Disintegrate
Press: ? - help, Shift-Dir - straight line, f - Eustachio
Aim: Eustachio, wielding a +0 falchion and wearing a +0 leather armour (moderately wounded, constricted by you, chance to defeat MR: 65%) Eustachio struggles to resist.
You constrict Eustachio. The ufetubus misses you.
The ufetubus closely misses you. Eustachio completely misses you.
The river rat closely misses you. The ufetubus misses you.
The ufetubus hits you but does no damage.
The white imp completely misses you.
Evoke which item? (* to show all) (? for menu, Esc to quit)
Aiming: Disintegrate
Press: ? - help, Shift-Dir - straight line, f/p - Eustachio
Aim: Eustachio, wielding a +0 falchion and wearing a +0 leather armour (moderately wounded, constricted by you, chance to defeat MR: 65%) Eustachio struggles to resist.
You constrict Eustachio.
Eustachio mumbles some strange words.
The ufetubus closely misses you. x2; The river rat bites you.
* * * LOW HITPOINT WARNING * * *
The white imp gestures at you. The puff of frost hits you!
You die...

#########
#..br...#
#.#####.#
#...5@r.#
#####..r@##.###.#
..##..#55....../
#.##...b...###.
####.###......#
#........###### #
#.##.#########
#.##.##.#.......#
#.......#.......#
####.####.......#


You could see Eustachio, 2 river rats, a white imp (summoned, expiring), a
shadow imp (summoned), an ufetubus (summoned) and a bat (summoned).

Vanquished Creatures
  Sigmund (D:6)
  Menkaure (D:4)
  A centaur (D:6)
  3 ogres
  2 scorpions
  4 killer bees
  3 howler monkeys
  A centaur zombie (D:6)
  2 hounds
  A centaur skeleton (D:6)
  2 orc priests (D:2)
  A jelly (D:6)
  Crazy Yiuf (D:2)
  Ijyb (D:4)
  Natasha (thrice) (D:2)
  4 worker ants
  Robin (D:3)
  3 gnolls (D:3)
  3 adders
  An ooze (D:2)
  3 worms (D:2)
  A dart slug (D:3)
  7 leopard geckos
  8 orcs
  2 giant cockroaches (D:3)
  18 goblins
  8 hobgoblins
  2 jackals (D:3)
  8 kobolds
  A ball python (D:1)
  5 bats
  5 frilled lizards
  A jackal skeleton (D:4)
  A leopard gecko zombie (D:5)
  A quokka skeleton (D:6)
  5 rats
115 creatures vanquished.

Notes
Turn   | Place    | Note
-------+----------+-------------------------------------------
     0 | D:1      | xccam the Octopode Assassin began the quest for the Orb.
     0 | D:1      | Reached XP level 1. HP: 14/14 MP: 1/1
   149 | D:1      | Reached XP level 2. HP: 19/19 MP: 2/2
   381 | D:1      | You fall into a shaft and drop 1 floor!
   686 | D:1      | Reached XP level 3. HP: 20/24 MP: 3/3
  1211 | D:2      | Noticed Natasha
  1224 | D:2      | Killed Natasha
  1224 | D:2      | Reached XP level 4. HP: 12/29 MP: 4/4
  1437 | D:2      | Reached skill level 5 in Short Blades
  1437 | D:2      | Reached XP level 5. HP: 12/34 MP: 5/5
  1899 | D:2      | Noticed Natasha
  1912 | D:2      | Killed Natasha
  1927 | D:2      | Noticed Natasha
  1946 | D:2      | Killed Natasha
  2403 | D:2      | Found a runed translucent door.
  2404 | D:2      | Noticed Crazy Yiuf
  2411 | D:2      | Killed Crazy Yiuf
  2411 | D:2      | Reached XP level 6. HP: 39/39 MP: 6/6
  2799 | D:3      | Noticed Robin
  2825 | D:3      | Killed Robin
  4227 | D:4      | Reached skill level 6 in Stealth
  4227 | D:4      | Reached XP level 7. HP: 32/45 MP: 7/7
  4343 | D:4      | Found a stormy altar of Qazlal.
  4545 | D:4      | Noticed Menkaure
  4555 | D:4      | Killed Menkaure
  4825 | D:4      | Noticed Ijyb
  4843 | D:4      | Killed Ijyb
  5033 | D:5      | Entered Level 5 of the Dungeon
  5033 | D:5      | Noticed p0werm0de's ghost (novice DDFi)
  5051 | D:5      | Found a runed translucent door.
  5336 | D:5      | Found a blossoming altar of Fedhas.
  5457 | D:5      | Reached skill level 7 in Stealth
  5509 | D:5      | Reached XP level 8. HP: 43/54 MP: 8/8
  6594 | D:6      | Found Tigezaa's Weapon Emporium.
  6659 | D:6      | Found a staircase to the Ecumenical Temple.
  6669 | D:6      | Noticed Sigmund
  6676 | D:6      | Reached skill level 8 in Stealth
  6707 | D:6      | Killed Sigmund
  6795 | D:6      | Reached skill level 5 in Fighting
  6815 | Temple   | Entered the Ecumenical Temple
  7071 | Temple   | Became a worshipper of Uskayaw the Reveler
  7141 | D:6      | Reached * piety under Uskayaw
  7143 | D:6      | Reached skill level 1 in Invocations
  7143 | D:6      | Reached ** piety under Uskayaw
  7306 | D:6      | Noticed Eustachio
  7349 | D:6      | Killed from afar by a white imp

Illustrated notes

Levels and vault maps discovered:
D:1:      dpeg_arrival_stonehenge_8_columns, layout_loops_corners,
          minmay_misc_feat_x
D:2:      cheibrodos_pilgrimage, layout_loops_ring, corexii_leaking_fountain,
          kennysheep_crisscross, uniq_natasha, uniq_crazy_yiuf_cottage
D:3:      layout_loops_ring, first_ration, uniq_robin
D:4:      layout_loops_ring, lemuel_coloured_pillars_altar, uniq_ijyb,
          uniq_menkaure
D:5:      layout_cave_pools, hellmonk_ghost_happy_afterlife, fedhas_altar_3
D:6:      layout_loops_cross, minmay_temple_entry_large_hall, serial_shops,
          nicolae_shop_statue_plus, nicolae_shop_stone, uniq_eustachio,
          uniq_sigmund
Temple:   kilobyte_greek_temple

Skill      XL: |  1  2  3  4  5  6  7  8 |
---------------+-------------------------+-----
Short Blades   | 3 4 5 6 7 |  7.7
Dodging        | 2 3 4 |  4.6
Stealth        | 6 7 8 |  8.0
Fighting       | 3 5 |  5.0
Invocations    | 1 |  1.2
Throwing       | |  2.0

Action                   |  1- 3 |  4- 6 |  7- 9 || total
-------------------------+-------+-------+-------++-------
Melee: Dagger            |    44 |   132 |   136 ||   312
       Constrict         |    11 |    30 |    20 ||    61
       Tentacles         |     5 |    18 |    31 ||    54
       Unarmed           |       |     2 |       ||     2
Throw: Dart              |       |     7 |    10 ||    17
Evoke: Wand              |       |       |     2 ||     2
  Use: Potion            |     1 |     4 |     2 ||     7
 Stab: Sleeping          |    13 |    12 |     7 ||    32
       Distracted        |       |       |     1 ||     1
  Eat: Chunk             |     1 |     8 |     9 ||    18
Armor: Skin              |     2 |     3 |     7 ||    12
Dodge: Dodged            |     5 |    53 |   100 ||   158
